AoeStats
← Pocket Hunter

Arabia

509689594Analyzed
2v2 RM · 4d ago on Sep 27, 2026· 59m 9s· 4 players
Game mode
Random Map
Map size
Medium (4 player)
Population
200
Speed
Normal
Resources
Standard
Victory
Conquest
Starting age
Dark Age
Ending age
Imperial Age
RankedLock teamsTeams togetherTeam positionsShared explorationLock speedFull tech treeHidden civsTurbo modeCheats
Victory
Defeat
🇪🇸 Spanish · Spain
664
+17
🇪🇸 Celts · Spain
663
+17
🇺🇸 Georgians · United States
719
-18
🇺🇸 Celts · United States
668
-16
Sergiio21
10:55 Feudal Age
11:46 Double-Bit Axe
19:38 Castle Age
19:33 Forging
19:28 Scale Barding Armor
19:19 Gold Mining
20:23 Husbandry
21:19 Bow Saw
20:52 Horse Collar
21:43 Stone Mining
23:23 Stone Shaft Mining
23:42 Heavy Plow
28:35 Iron Casting
28:22 Chain Barding Armor
33:09 Imperial Age
32:04 Wheelbarrow
33:14 Cavalier
35:25 Blast Furnace
35:00 Plate Barding Armor
36:02 Elite Conquistador
36:06 Paladin
37:59 Conscription
43:44 Caravan
49:30 Ballistics
50:10 Chemistry
53:21 Two-Man Saw
Sergi
13:26 Feudal Age
13:14 Loom
13:59 Man-at-Arms
15:06 Double-Bit Axe
23:54 Castle Age
22:35 Wheelbarrow
21:46 Town Watch
22:51 Scale Mail Armor
23:01 Forging
24:06 Wheelbarrow
25:31 Long Swordsman
25:58 Gambesons
26:38 Town Watch
29:56 Hand Cart
35:19 Town Patrol
35:33 Pikeman
42:14 Imperial Age
41:55 Iron Casting
41:35 Chain Mail Armor
43:55 Caravan
44:47 Two-Handed Swordsman
46:41 Stronghold
47:05 Horse Collar
47:58 Bow Saw
47:49 Gold Mining
47:53 Stone Mining
49:22 Furor Celtica
51:08 Elite Woad Raider
53:13 Conscription
53:30 Hoardings
52:26 Sappers
Pocket Hunter
0:26 Loom
9:49 Feudal Age
11:05 Wheelbarrow
10:16 Double-Bit Axe
17:45 Castle Age
16:35 Gold Mining
16:39 Stone Mining
20:40 Treadmill Crane
22:12 Horse Collar
24:38 Town Watch
27:09 Ballistics
26:55 Fletching
27:57 Crossbowman
29:14 Forging
29:21 Gambesons
34:46 Imperial Age
32:50 Scale Barding Armor
33:00 Bloodlines
32:52 Husbandry
33:01 Murder Holes
33:44 Elite Skirmisher
33:47 Pikeman
35:01 Hand Cart
34:49 Scale Mail Armor
34:45 Bodkin Arrow
35:26 Iron Casting
35:04 Heavy Plow
35:18 Bow Saw
35:58 Halberdier
36:56 Chain Mail Armor
36:42 Padded Archer Armor
37:02 Masonry
38:10 Stone Shaft Mining
37:25 Gold Mining
37:32 Gold Mining
38:47 Blast Furnace
38:08 Chain Barding Armor
Cpt. Awesome
0:50 Loom
12:33 Feudal Age
13:08 Double-Bit Axe
13:15 Stone Mining
13:18 Gold Mining
13:14 Horse Collar
13:21 Town Watch
18:45 Wheelbarrow
18:37 Man-at-Arms
20:02 Fletching
20:45 Arson
21:41 Scale Mail Armor
21:52 Forging
27:10 Castle Age
25:35 Padded Archer Armor
27:34 Crossbowman
28:58 Bow Saw
29:28 Stone Shaft Mining
29:30 Gold Shaft Mining
28:57 Caravan
29:00 Heavy Plow
29:38 Bodkin Arrow
29:48 Guard Tower
29:36 Long Swordsman
30:44 Murder Holes
31:02 Masonry
30:55 Gambesons
31:43 Stronghold
35:20 Pikeman
36:28 Ballistics
36:45 Coinage
37:49 Chain Mail Armor
38:10 Iron Casting
36:58 Elite Skirmisher
40:52 Hand Cart
42:43 Fervor
43:48 Leather Archer Armor
46:21 Imperial Age
46:21 Town Patrol
46:31 Heavy Scorpion
48:11 Conscription
49:57 Ring Archer Armor
49:58 Plate Mail Armor
50:04 Two-Handed Swordsman
51:58 Blast Furnace
51:47 Halberdier
53:27 Hoardings
52:47 Onager
54:40 Banking
54:02 Champion
54:49 Husbandry
56:02 Guilds
Connection lost

Rejoining the realm…

Still unreachable

The connection could not be restored.

Session expired

The server has moved on; the page needs a fresh start.